 Dungeon Crawl Stone Soup version 0.21.1-1-g345015f (webtiles) character file.

606 nicolaieve the Cleaver (level 7, -1/58 HPs)
             Began as a Minotaur Berserker on June 13, 2018.
             Was a Priest of Trog.
             Killed from afar by an orc wizard (7 damage)
             ... with a magic dart
             ... on level 5 of the Dungeon.
             The game lasted 00:14:21 (2794 turns).

nicolaieve the Cleaver (Minotaur Berserker)         Turns: 2794, Time: 00:14:22

Health: -1/58      AC: 12    Str: 23    XL:     7   Next: 19%
Magic:  6/6        EV:  8    Int:  4    God:    Trog [***...]
Gold:   230        SH:  0    Dex: 10    Spells: 6/6 levels left

rFire    . . .     SeeInvis .   a - +0 hand axe
rCold    . . .     Gourm    .   (no shield)
rNeg     . . .     Faith    .   B - +0 chain mail (curse)
rPois    .         Spirit   .   (helmet restricted)
rElec    .         Reflect  .   (no cloak)
rCorr    .         Harm     .   (no gloves)
MR       .....                  s - +2 pair of boots
Stlth    ..........             (no amulet)
HPRegen  0.19/turn              (no ring)
MPRegen  0.10/turn              (no ring)

@: no status effects
A: retaliatory headbutt, horns 2
a: Berserk, Trog's Hand, Burn Spellbooks, Renounce Religion


You were on level 5 of the Dungeon.
You worshipped Trog.
Trog was most pleased with you.
You were not hungry.

You visited 1 branch of the dungeon, and saw 5 of its levels.

You collected 230 gold pieces.

Inventory:

Hand Weapons
 a - a +0 hand axe (weapon)
 v - a +0 war axe
Missiles
 f - 99 stones (quivered)
Armour
 s - a +2 pair of boots (worn)
 t - a +0 ring mail
 B - a cursed +0 chain mail (worn)
Jewellery
 A - an uncursed amulet of guardian spirit {unknown}
Wands
 y - a wand of disintegration (10)
Scrolls
 b - a scroll of amnesia {unknown}
 d - 3 scrolls of random uselessness {unknown}
 e - a scroll of magic mapping {unknown}
 j - 5 scrolls of teleportation {unknown}
 l - a scroll of immolation {unknown}
 m - a scroll of noise {unknown}
 n - 2 scrolls of remove curse {unknown}
 p - a scroll of blinking {unknown}
 x - a scroll of enchant armour {unknown}
Potions
 g - 3 potions of heal wounds
 h - 3 potions of curing
 k - a potion of mutation
 o - a potion of agility
 r - 2 potions of brilliance {unknown}
 u - a potion of haste
 w - a potion of resistance
 z - 2 potions of lignification {unknown}
Comestibles
 c - 9 rations
 i - 2 chunks of flesh


   Skills:
 - Level 3.7 Fighting
 + Level 9.9 Axes
 - Level 2.4 Armour
 - Level 2.2 Dodging


You had 6 spell levels left.
You didn't know any spells.

Dungeon Overview and Level Annotations

Branches:
Dungeon (5/15)
 Temple: D:4-7

Altars:
Cheibriados
Gozag


Innate Abilities, Weirdness & Mutations

You reflexively headbutt those who attack you in melee.
You have a pair of horns on your head.


Message History

Found a scroll labeled PEUMOTRENEXT.
The orc priest calls down the wrath of Beogh upon you.
Beogh smites you!
* * * LOW HITPOINT WARNING * * *
A magic dart appears from out of thin air!
The magic dart hits you!
You closely miss the orc priest. The orc priest barely misses you.
You furiously retaliate!
You headbutt the orc priest! You slash the orc priest!
You kill the orc priest!
Trog accepts your kill.
You miss something. Something hits you but does no damage.
You see here a trident of protection.
Something hits you but does no damage. Something hits you but does no damage.
You see here a trident of protection.
A magic dart appears from out of thin air!
The magic dart hits you!
You die...

#... #........ #...#
##.#.#### #...#
##..#.### #...#
#..###.#. .####...######
#...#.##.
.............###..#.###.
...........)......#.....
..?.....)....####.#####.
####..@###### #...# #.
#...# ###.# #. #...# #.#
## #...# #.#### .....
#....# .##.#. ####.# #.
#. . #.# # #. .. #.. ###


There were no monsters in sight!

Vanquished Creatures
  An ogre (D:4)
  A howler monkey (D:4)
  A bullfrog zombie (D:5)
  A centaur skeleton (D:4)
  3 hounds
  2 orc priests
  A bullfrog skeleton (D:5)
  2 worker ants (D:4)
  An orc wizard (D:4)
  5 adders
  A shadow imp (D:5)
  5 worms
  5 dart slugs
  2 leopard geckos
  9 orcs
  12 bats
  6 giant cockroaches
  6 goblins
  6 hobgoblins
  4 jackals
  2 quokkas
  A ball python (D:2)
  5 frilled lizards
  9 kobolds
  A leopard gecko skeleton (D:4)
  16 rats
108 creatures vanquished.

Notes
Turn   | Place    | Note
-------+----------+-------------------------------------------
     0 | D:1      | nicolaieve the Minotaur Berserker began the quest for the Orb.
     0 | D:1      | Reached XP level 1. HP: 19/19 MP: 0/0
   191 | D:1      | Reached skill level 4 in Axes
   197 | D:1      | Reached XP level 2. HP: 21/27 MP: 1/1
   563 | D:1      | Reached ** piety under Trog
   563 | D:1      | Reached XP level 3. HP: 25/33 MP: 2/2
   603 | D:1      | Reached skill level 5 in Axes
   997 | D:2      | Reached XP level 4. HP: 40/40 MP: 3/3
  1071 | D:2      | Reached skill level 6 in Axes
  1168 | D:2      | Found an opulent altar of Gozag.
  1583 | D:3      | Reached *** piety under Trog
  1811 | D:3      | Reached XP level 5. HP: 46/46 MP: 4/4
  2002 | D:4      | Noticed an ogre
  2006 | D:4      | Killed an ogre
  2006 | D:4      | Reached skill level 7 in Axes
  2008 | D:4      | Received a gift from Trog
  2068 | D:4      | Reached skill level 8 in Axes
  2072 | D:4      | Reached XP level 6. HP: 47/52 MP: 5/5
  2125 | D:4      | Found a snail-covered altar of Cheibriados.
  2426 | D:4      | Reached skill level 9 in Axes
  2634 | D:5      | Entered Level 5 of the Dungeon
  2699 | D:5      | Reached XP level 7. HP: 42/58 MP: 6/6
  2794 | D:5      | Killed from afar by an orc wizard

Skill      XL: |  1  2  3  4  5  6 |
---------------+-------------------+-----
Axes           | 4 5 6 8 9 |  9.9
Fighting       | |  3.7
Armour         | |  2.4
Dodging        | |  2.2

Action                   |  1- 3 |  4- 6 |  7- 9 || total
-------------------------+-------+-------+-------++-------
Melee: Hand axe          |    95 |   129 |    16 ||   240
       Headbutt          |    11 |    26 |     2 ||    39
Invok: Berserk           |       |     2 |       ||     2
  Use: Scroll            |       |     6 |       ||     6
  Eat: Chunk             |       |     8 |       ||     8
Armor: Animal skin       |    28 |    11 |       ||    39
       Ring mail         |       |    34 |       ||    34
       Chain mail        |       |       |     8 ||     8
Dodge: Dodged            |    77 |    78 |     6 ||   161
